 Dungeon Crawl Stone Soup version 0.29-a0-512-gf59ac788ac (webtiles) character file.

Game seed: 9299955696898865116

64 NateTC the Chopper (level 4, 0/39 HPs)
             Began as a Hill Orc Fighter on May 29, 2022.
             Slain by Terence
             ... wielding a +3 hand axe of freezing
              (4 damage)
             ... on level 2 of the Dungeon.
             The game lasted 00:03:00 (2308 turns).

NateTC the Chopper (Hill Orc Fighter)               Turns: 2308, Time: 00:03:01

Health: 0/39       AC:  9    Str: 20    XL:     4   Next: 12%
Magic:  4/4        EV:  9    Int:  8    God:
Gold:   101        SH:  4    Dex: 10    Spells: 3/3 levels left

rFire   . . .      SeeInvis .   a - +0 war axe
rCold   . . .      Faith    .   c - +0 buckler
rNeg    . . .      Spirit   .   b - +0 scale mail
rPois   .          Reflect  .   j - +0 helmet
rElec   .          Harm     .   e - +0 cloak
rCorr   .          Rampage  .   (no gloves)
Will    .....                   (no boots)
Stlth   ..........              (no amulet)
HPRegen 0.13/turn               (no ring)
MPRegen 0.09/turn               (no ring)

@: mighty
A: no striking features
a: no special abilities


You were on level 2 of the Dungeon.
You visited 1 branch of the dungeon, and saw 2 of its levels.

You collected 101 gold pieces.

Inventory:

Hand Weapons
 a - a +0 war axe (weapon)
Armour
 b - a +0 scale mail (worn)
 c - a +0 buckler (worn)
 e - a +0 cloak (worn)
 j - a +0 helmet (worn)
Jewellery
 f - an amulet of magic regeneration
Scrolls
 i - a scroll of identify
 k - a scroll of enchant armour {unknown}
Potions
 h - a potion of haste


   Skills:
 - Level 3.6 Fighting
 * Level 5.7 Axes
 - Level 3.2 Armour
 - Level 3.2 Shields


You had 3 spell levels left.
You didn't know any spells.
Your spell library was empty.

Dungeon Overview and Level Annotations

Branches:
Dungeon (2/15)

Altars:
Nemelex Xobeh

Annotations:
D:2 Terence


Message History

HP restored.
You climb downwards.
Level annotation: Terence
There is a stone staircase leading up here.
Found a falchion.
Terence hits you but does no damage.
You hit Terence but do no damage.
Terence hits you with a +3 hand axe of freezing!
Terence freezes you.
You barely miss Terence. Terence barely misses you.
You barely miss Terence. Terence hits you but does no damage.
You completely miss Terence.
Terence hits you with a +3 hand axe of freezing.
Terence freezes you.
Terence hits you with a +3 hand axe of freezing.
Terence freezes you.
You closely miss Terence. You block Terence's attack.
You barely miss Terence.
Terence hits you with a +3 hand axe of freezing.
Terence freezes you.
* * * LOW HITPOINT WARNING * * *
You barely miss Terence. You block Terence's attack.
You feel better.
Terence hits you with a +3 hand axe of freezing.
Terence freezes you.
You feel very mighty all of a sudden.
Terence hits you with a +3 hand axe of freezing.
Terence freezes you.
* * * LOW HITPOINT WARNING * * *
You hit Terence.
Terence is moderately wounded.
Terence hits you with a +3 hand axe of freezing.
* * * LOW HITPOINT WARNING * * *
Terence freezes you.
* * * LOW HITPOINT WARNING * * *
Terence hits you but does no damage.
You hit Terence.
Terence is heavily wounded.
Terence hits you with a +3 hand axe of freezing.
You die...

##### ###
##############.#.#
#.#
#................#
#.#
#)....@@....#.###.#
#..########.......#
#.. .......#.###.#
...# ...###.#<..#.#
###. . ..#.#.#.# ##
#. ####.#.#.# #.
..#.#.#.# #.
#.#.#.#.#
#.#####.#.#...# ##


You could see Terence.

Vanquished Creatures
  2 adders (D:2)
  3 dart slugs
  2 bats (D:1)
  5 endoplasms
  3 giant cockroaches
  3 goblins
  3 hobgoblins
  4 jackals (D:1)
  A kobold (D:1)
  2 quokkas (D:1)
  2 ball pythons (D:2)
  5 rats
35 creatures vanquished.

Notes
Turn   | Place    | Note
-------+----------+-------------------------------------------
     0 | D:1      | NateTC the Hill Orc Fighter began the quest for the Orb.
     0 | D:1      | Reached XP level 1. HP: 19/19 MP: 1/1
    33 | D:1      | Found a faded altar of an unknown god.
    42 | D:1      | Reached skill level 3 in Axes
    49 | D:1      | Reached XP level 2. HP: 15/26 MP: 2/2
    56 | D:1      | Reached skill level 4 in Axes
   339 | D:1      | Reached XP level 3. HP: 28/31 MP: 3/3
   812 | D:2      | Found a sparkling altar of Nemelex Xobeh.
   924 | D:2      | Reached skill level 5 in Axes
  1461 | D:2      | Reached XP level 4. HP: 39/39 MP: 4/4
  1716 | D:2      | Noticed Terence
  2308 | D:2      | Slain by Terence

Illustrated notes

Levels and vault maps discovered:
D:1:      tarquinn_simple_flora_water_a, layout_basic,
          chequers_ecumenical_altar_simple,
          nicolae_concentric_dashed_squares_wild, st_stairs_1
D:2:      layout_basic, basic_altar, minmay_unequal, uniq_terence

Skill      XL: |  1  2  3 |
---------------+----------+-----
Axes           | 3 4 5 |  5.7
Fighting       | |  3.6
Armour         | |  3.2
Shields        | |  3.2

Action                   |  1- 3 |  4- 6 || total
-------------------------+-------+-------++-------
Melee: War axe           |    61 |    24 ||    85
       Unarmed           |       |    10 ||    10
  Use: Scroll            |     3 |       ||     3
       Potion            |       |     2 ||     2
Armor: Scale mail        |    44 |     6 ||    50
Dodge: Dodged            |    18 |    13 ||    31
Block: Buckler           |    15 |     3 ||    18

Table legend: (Time is in decaauts)
 A = Elapsed time spent in this place.
 B = Non-inter-level travel time spent in this place.
 C = Inter-level travel time spent in this place.
 D = Time resting spent in this place.
 E = Time spent auto-exploring this place.
 F = Levels seen in this place.
 G = Mean time per level.
                   A        B        C        D        E       F      G
               +--------+--------+--------+--------+--------+-----+--------+
         Total |   2296 |   2209 |     87 |    680 |   1074 |   2 | 1148.0 |
       Dungeon |   2296 |   2209 |     87 |    680 |   1074 |   2 | 1148.0 |
               +--------+--------+--------+--------+--------+-----+--------+

Top non-repeatable levels by time:
     D:2: 1304 daAuts
     D:1: 991 daAuts
